AoeStats
← nadia nova

Hideout

507051729Analyzed
1v1 RM · 16d ago on Sep 16, 2026· 28m 27s· 2 players
Game mode
Random Map
Map size
Tiny (2 player)
Population
200
Speed
Normal
Resources
Standard
Victory
Conquest
Starting age
Dark Age
Ending age
Imperial Age
RankedLock teamsTeams togetherTeam positionsShared explorationLock speedFull tech treeHidden civsTurbo modeCheats
Victory
Defeat
🇧🇷 Armenians · Brazil
1041
+15
🇫🇮 Berbers · Finland
1021
-15
nadia nova
6:58 Loom
7:30 Loom
9:57 Feudal Age
10:33 Double-Bit Axe
11:30 Horse Collar
19:36 Castle Age
19:05 Wheelbarrow
21:29 Bow Saw
26:29 Crossbowman
28:54 Forging
28:37 Fletching
Borborema
2:58 Loom
11:16 Feudal Age
11:20 Man-at-Arms
12:00 Double-Bit Axe
12:56 Scale Mail Armor
12:52 Long Swordsman
19:58 Horse Collar
23:00 Castle Age
21:48 Gold Mining
23:35 Forging
23:32 Two-Handed Swordsman
24:20 Squires
24:07 Gambesons
Connection lost

Rejoining the realm…

Still unreachable

The connection could not be restored.

Session expired

The server has moved on; the page needs a fresh start.